 Dungeon Crawl Stone Soup version 0.30.1-11-g7821555f0a (webtiles) character file.

Game seed: 9721720798021344876

946 lonewolfV2 the Fighter (level 7, -1/72 HPs)
             Began as a Minotaur Fighter on Nov 14, 2023.
             Slain by a killer bee (2 damage)
             ... on level 4 of the Dungeon.
             The game lasted 00:04:44 (2289 turns).

lonewolfV2 the Fighter (Minotaur Fighter)           Turns: 2289, Time: 00:04:44

Health: -1/72      AC: 11    Str: 21    XL:     7   Next: 89%
Magic:  0/6        EV:  7    Int:  5    God:
Gold:   107        SH:  6    Dex: 15    Spells: 6/6 levels left

rFire   . . .        j - +2 whip "Sal Joerph" {spect, +Blink rElec rC++ Dex+4 Stlth-}
rCold   + + .        c - +1 buckler
rNeg    . . .        r - +0 plate armour
rPois   .            (helmet restricted)
rElec   +            (no cloak)
rCorr   .            (no gloves)
SInv    .            (no boots)
Will    .....        i - amulet of guardian spirit Stlth
                     (no ring)
HPRegen 0.32/turn    (no ring)
MPRegen 0.10/turn

%: guardian spirit
@: mighty, lethally poisoned (-1 -> -12), flying
A: horns 2, retaliatory headbutt
a: Evoke Blink


You were on level 4 of the Dungeon.
You visited 1 branch of the dungeon, and saw 6 of its levels.

You collected 107 gold pieces.

Inventory:

Hand Weapons
 a - a +0 war axe
 j - the +2 whip "Sal Joerph" (weapon) {spect, +Blink rElec rC++ Dex+4 Stlth-}
   (You found it on level 2 of the Dungeon)

   Dex:       It affects your dexterity (+4).
   rC:        It greatly protects you from cold.
   rElec:     It insulates you from electricity.
   +Blink:    It lets you blink.
   Stlth:     It makes you less stealthy.
Armour
 b - a +0 scale mail
 c - a +1 buckler (worn)
 r - a +0 plate armour (worn)
Jewellery
 i - an amulet of guardian spirit (around neck)
Scrolls
 e - a scroll of enchant armour
 h - a scroll of identify
 k - 2 scrolls of teleportation {unknown}
 m - a scroll of butterflies {unknown}
 n - a scroll of fog {unknown}
 q - a scroll of blinking {unknown}
Potions
 d - a potion of might
 g - a potion of degeneration
 o - a potion of haste {unknown}


   Skills:
 - Level 10.1 Fighting
 - Level 2.4 Axes
 - Level 3.6 Armour
 * Level 4.7 Dodging
 - Level 3.6 Shields


You had 6 spell levels left.
You didn't know any spells.
Your spell library contained the following spells:

 Spells                   Type           Power      Damage    Failure   Level
 Apportation              Tloc           0%         N/A       100%        1
 Beastly Appendage        Tmut           0%         N/A       100%        1
 Necrotise                Necr           0%         1d4       100%        1
 Sandblast                Erth           0%         2d4       100%        1
 Slow                     Hex            0%         N/A       100%        1
 Sting                    Tmut/Pois      0%         1d3       100%        1
 Summon Small Mammal      Summ           0%         N/A       100%        1
 Cigotuvi's Dreadful Rot  Necr/Pois/Air  0%         N/A       100%        2
 Wereblood                Tmut           0%         N/A       100%        2
 Spider Form              Tmut/Pois      0%         N/A       100%        3
 Dispel Undead            Necr           0%         3d6       100%        4
 Leda's Liquefaction      Hex/Erth       0%         N/A       100%        4
 Lee's Rapid Deconstruct  Erth           0%         3d4*      100%        5
 Death Channel            Necr           0%         N/A       100%        6
 Statue Form              Tmut/Erth      0%         N/A       100%        6


Dungeon Overview and Level Annotations

Branches:
Dungeon (6/15)
 Temple: D:4-7

Altars:
Ru

Shops:
D:2 =


Innate Abilities, Weirdness & Mutations

You have a pair of horns on your head.
You reflexively headbutt those who attack you in melee.


Message History

The killer bee completely misses your +2 whip "Sal Joerph" {spect, +Blink rElec rC++ Dex+4 Stlth-}.
You strike the helpless killer bee from behind!
You hit the killer bee.
You kill the killer bee!
Your +2 whip "Sal Joerph" {spect, +Blink rElec rC++ Dex+4 Stlth-} disappears.
* * * LOW HITPOINT WARNING * * *
You feel very sick. You block the killer bee's attack.
You block the adder's attack. The killer bee barely misses you.
The orc priest looks encouraged for a moment.
The goblin hits you but does no damage. You block the adder's attack.
The killer bee completely misses you. The killer bee stings you.
* * * LOW HITPOINT WARNING * * *
You are more poisoned.
The killer bee poisons you!
You feel better.
The killer bee stings you but does no damage. x2
You block the goblin's attack. The adder bites you.
* * * LOW HITPOINT WARNING * * *
You are poisoned.
The adder poisons you!
The killer bee stings you but does no damage.
You block the killer bee's attack.
You feel very mighty all of a sudden.
You feel sick. You block the killer bee's attack.
The killer bee stings you but does no damage.
The adder bites you.
* * * LOW HITPOINT WARNING * * *
The goblin barely misses you. The killer bee stings you!
* * * LOW HITPOINT WARNING * * *
You are more poisoned.
The killer bee poisons you!
The killer bee stings you but does no damage.
It was a potion of flight.
You feel very buoyant.
You fly up into the air.
* * * LOW HITPOINT WARNING * * *
You feel very sick. The killer bee stings you.
You die... #.. .... .. #... #..# ..# #...###..##..## ### ............... ..# ..?..o..... ..# .oooO..

..####### ####Sgy#
..##....####.##.@†#
..##...........[.y#
..).))............#
....))............#
.......)........).#
..................#
#########.#######.#
####...##.##...##.#####
................#.....#


You could see an ogre, 2 killer bees, an orc priest, an adder, 3 orcs and a
goblin.

Vanquished Creatures
  Sigmund (D:4)
  3 phantoms
  A centaur (D:6)
  2 killer bees (D:4)
  2 howler monkeys
  3 hounds (D:5)
  An orc priest (D:5)
  A jelly (D:4)
  An iguana (D:5)
  2 orc wizards
  4 adders
  4 dart slugs
  6 orcs
  4 endoplasms
  2 giant cockroaches
  4 jackals (D:5)
  4 quokkas
  5 ball pythons
  5 bats
  A frilled lizard (D:1)
  6 goblins
  4 kobolds
  8 rats
74 creatures vanquished.

Notes
Turn   | Place    | Note
-------+----------+-------------------------------------------
     0 | D:1      | lonewolfV2 the Minotaur Fighter began the quest for the
                  | Orb.
     0 | D:1      | Reached XP level 1. HP: 19/19 MP: 0/0
    35 | D:1      | Got Sures's Even Amateurs Can Use Hermetics!
    45 | D:1      | Reached skill level 4 in Fighting
   116 | D:1      | Reached XP level 2. HP: 28/28 MP: 1/1
   587 | D:2      | Reached skill level 5 in Fighting
   587 | D:2      | Reached XP level 3. HP: 35/36 MP: 2/2
   757 | D:2      | Found a faded altar of an unknown god.
   761 | D:2      | Identified the +2 whip "Sal Joerph" {spect, +Blink rElec
                  | rC++ Dex+4 Stlth-}
   813 | D:2      | Found Maemif's Jewellery Emporium.
  1004 | D:2      | Found a sacrificial altar of Ru.
  1306 | D:3      | Reached skill level 6 in Fighting
  1306 | D:3      | Reached XP level 4. HP: 40/44 MP: 3/3
  1489 | D:3      | You fall into a shaft and drop 3 floors!
  1509 | D:6      | Noticed a centaur
  1515 | D:6      | Killed a centaur
  1516 | D:6      | Reached skill level 7 in Fighting
  1516 | D:6      | Reached XP level 5. HP: 49/52 MP: 4/4
  1520 | D:6      | Noticed a phantom
  1528 | D:6      | Killed a phantom
  1534 | D:6      | Reached skill level 8 in Fighting
  1534 | D:6      | Reached XP level 6. HP: 58/61 MP: 3/5
  1539 | D:5      | Entered Level 5 of the Dungeon
  1816 | D:5      | Reached skill level 9 in Fighting
  1830 | D:5      | Reached XP level 7. HP: 32/71 MP: 3/6
  1842 | D:5      | Reached skill level 10 in Fighting
  2070 | D:4      | Reached skill level 1 in Dodging
  2115 | D:4      | Noticed Sigmund
  2132 | D:4      | Killed Sigmund
  2288 | D:4      | HP: 3/72 [killer bee (7)]
  2289 | D:4      | HP: 1/72 [poisoned by a killer bee]
  2289 | D:4      | Slain by a killer bee

Illustrated notes

Levels and vault maps discovered:
D:1:      dpeg_arrival_tiny_i, layout_rooms
D:2:      layout_loops_cross, basic_ecumenical_altar, basic_altar, serial_shops,
          nicolae_shop_pleasant_corner_grove
D:3:      layout_basic
D:4:      layout_gridville, nicolae_overflow_crystal_walls, xom_teletrap_fun,
          fiery_altar_vehumet, uniq_sigmund
D:5:      layout_basic, minmay_temple_entry_enclosed_plants
D:6:      layout_loops_corners, elyvilon_altar_4, nicolae_overflow_hidden_temple

Skill      XL: |  1  2  3  4  5  6  7 |
---------------+----------------------+-----
Fighting       | 4 5 6 7 8 9 10 | 10.1
Dodging        | 4 |  4.7
Axes           | |  2.4
Armour         | |  3.6
Shields        | |  3.6

Action                     |  1- 3 |  4- 6 |  7- 9 || total
---------------------------+-------+-------+-------++-------
  Melee: War axe           |    52 |       |       ||    52
         Headbutt          |    11 |     7 |     5 ||    23
         Whip              |    15 |    58 |    39 ||   112
    Use: Scroll            |     5 |       |       ||     5
         Potion            |       |       |     3 ||     3
   Stab: Distracted        |       |       |     2 ||     2
 Armour: Scale mail        |    31 |    45 |    14 ||    90
         Plate armour      |       |       |    25 ||    25
  Dodge: Dodged            |    36 |    46 |    31 ||   113
  Block: Buckler           |    23 |    25 |    28 ||    76
